 Dungeon Crawl Stone Soup version 0.30-a0-222-ge547ba4400 (webtiles) character file.

Game seed: 15601984192115761300

1801 qw the Chopper (level 9, -4/48 HPs)
             Began as a Gargoyle Fighter on Oct 8, 2022.
             Was a Believer of Okawaru.
             Slain by a yak (8 damage)
             ... on level 8 of the Dungeon.
             The game lasted 00:02:02 (5374 turns).

qw the Chopper (Gargoyle Fighter)                   Turns: 5374, Time: 00:02:03

Health: -4/48      AC: 23    Str: 23    XL:     9   Next: 9%
Magic:  11/12      EV:  8    Int:  8    God:    Okawaru [**....]
Gold:   308        SH: 12    Dex: 13    Spells: 8/8 levels left

rFire   . . .      SeeInvis .    Y - +1 broad axe
rCold   . . .      Faith    .    k - +0 kite shield
rNeg    + . .      Spirit   .    b - +0 plate armour
rPois   inf        Reflect  .    (no helmet)
rElec   +          Harm     .    r - +0 cloak
rCorr   .          Rampage  .    (no gloves)
Will    +....                    g - +0 pair of boots
Stlth   ..........               (no amulet)
HPRegen 0.28/turn                e - ring of willpower
MPRegen 0.13/turn                (no ring)

@: about to teleport, heroic
A: sickness immunity, AC +6, negative energy resistance 1, electricity
resistance, torment resistance 1, petrification resistance, hooves 1, agile 1,
frail 1
a: Renounce Religion, Heroism


You were on level 8 of the Dungeon.
You worshipped Okawaru.
Okawaru was pleased with you.
You visited 1 branch of the dungeon, and saw 7 of its levels.

You collected 308 gold pieces.


Innate Abilities, Weirdness & Mutations

You are immune to sickness and miasma.
Your stone body is resilient. (AC +6)
You are immune to poison.
You resist negative energy. (rN+)
You are resistant to electric shocks. (rElec)
You are resistant to unholy torment.
You are immune to petrification.
You have large cloven feet.
You are agile. (Dex +4, Str/Int -1)
You are frail. (-10% HP)


   Skills:
 - Level 5.1(10.1) Fighting
 - Level 7.3(12.3) Axes
 - Level 1.6(6.6) Throwing
 - Level 4.1(9.1) Armour
 - Level 1.0(6.0) Dodging
 + Level 6.8(11.8) Shields
 - Level 4.0 Invocations


You had 8 spell levels left.
You didn't know any spells.
Your spell library was empty.

Inventory:

Hand Weapons
 a - a +0 flail
 Y - a +1 broad axe (weapon)
Armour
 b - a +0 plate armour (worn)
 g - a +0 pair of boots (worn)
 k - a +0 kite shield (worn)
 r - a +0 cloak (worn)
Jewellery
 e - a ring of willpower (left hand)
Scrolls
 h - 2 scrolls of identify
 m - a scroll of fear {unknown}
Potions
 c - a potion of brilliance {unknown}
 d - 3 potions of might
 f - a potion of resistance
 i - 2 potions of lignification
 l - a potion of haste
 n - a potion of ambrosia {unknown}
 o - 3 potions of curing

Dungeon Overview and Level Annotations

Branches:
Dungeon (6/15)
 Temple: D:4-7

Altars:
Ashenzari
Dithmenos
Kikubaaqudgha
Okawaru

Annotations:
D:6 1 runed translucent door, Eustachio; qw's ghost, novice GrFi


Message History

You slash the yak!
You kill the yak!
Okawaru accepts your kill.
You hit the yak but do no damage. You closely miss the yak.
The yak gores you but does no damage. x2
Your base Fighting skill increases to level 5!
You have reached level 9!
Your experience leads to an increase in your attributes!
Your base attributes are Str 22, Int 9, Dex 9.
Increase (S)trength, (I)ntelligence, or (D)exterity?
You feel stronger. x2
You hit the yak.
The yak is severely wounded.
You closely miss the yak. You block the yak's attack. The yak gores you!
5370 ||| READING 2 scrolls of teleportation.
As you read the scroll of teleportation, it crumbles to dust.
You feel strangely unstable. You block the yak's attack.
The yak gores you but does no damage.
You slice the yak!!
You kill the yak!
Okawaru accepts your kill.
You hit the yak but do no damage. The yak gores you.
You slash the yak!
The yak is moderately wounded.
You block the yak's attack.
You hit the yak but do no damage.
The yak is moderately wounded.
Your surroundings suddenly seem different. 6 yaks come into view.
Found the Handbook of the Warped Gathering and a glowing morningstar.
The yak bellows! x5
The yak barely misses you. The yak gores you but does no damage.
Enter note:
5374 ||| READING scroll of teleportation.
As you read the scroll of teleportation, it crumbles to dust.
You feel strangely unstable. You block the yak's attack. The yak gores you!
You die...

..... .. #...#
... #...#....
#+#####...#....
#..............
#.........)..
#...YYY....##
#....@YY.....
........Y......
........:......
..#####........
. .........
..#......
..#......
...#......


You could see 6 yaks.

Vanquished Creatures
  3 yaks (D:8)
  2 black bears
  An orc warrior (D:6)
  3 ogres (D:5)
  A kobold brigand (D:8)
  2 scorpions (D:5)
  4 wights
  3 hounds
  A jelly (D:5)
  An orc priest (D:5)
  2 orc wizards
  7 gnolls
  6 adders
  A white imp (D:5)
  2 ufetubi
  A worm (D:4)
  3 dart slugs
  8 orcs
  6 bats
  3 endoplasms
  A giant cockroach (D:4)
  7 hobgoblins
  6 jackals
  14 kobolds
  7 quokkas
  11 ball pythons
  4 frilled lizards
  10 goblins
  4 rats
124 creatures vanquished.

Vanquished Creatures (others)
  59 plants (D:5)
59 creatures vanquished.

Grand Total: 183 creatures vanquished

Notes
Turn   | Place    | Note
-------+----------+-------------------------------------------
     0 | D:1      | qw the Gargoyle Fighter began the quest for the Orb.
     0 | D:1      | Reached XP level 1. HP: 14/14 MP: 1/1
     0 | D:1      | 0 ||| qw: Version: 0.2-a-17-g06abaee
     0 | D:1      | 0 ||| qw: Game counter: 2022
     0 | D:1      | 0 ||| qw: Always use a shield: true
     0 | D:1      | 0 ||| qw: God list: Okawaru
     0 | D:1      | 0 ||| qw: Allow faded altars: false
     0 | D:1      | 0 ||| qw: Do Orc after D:15 true
     0 | D:1      | 0 ||| qw: Do second Lair branch before Depths: true
     0 | D:1      | 0 ||| qw: Lair rune preference: random
     0 | D:1      | 0 ||| qw: Plans: Normal, Zot:1-4, God:TSO, Crypt, Tomb,
                  | Pan, Slime:5, Hells, Abyss, Orb
     0 | D:1      | 0 ||| PLANNING D:1-11
    55 | D:1      | Reached skill level 2 in Axes
   122 | D:1      | 122 ||| Stepping ~*~*~tactically~*~*~ (stealth).
   123 | D:1      | 123 ||| Stepping ~*~*~tactically~*~*~ (stealth).
   127 | D:1      | 127 ||| Stepping ~*~*~tactically~*~*~ (stealth).
   128 | D:1      | 128 ||| Stepping ~*~*~tactically~*~*~ (stealth).
   129 | D:1      | 129 ||| Stepping ~*~*~tactically~*~*~ (stealth).
   133 | D:1      | 133 ||| Stepping ~*~*~tactically~*~*~ (stealth).
   134 | D:1      | 134 ||| Stepping ~*~*~tactically~*~*~ (stealth).
   157 | D:1      | Reached XP level 2. HP: 7/19 MP: 2/2
   187 | D:1      | 187 ||| Stepping ~*~*~tactically~*~*~ (stealth).
   206 | D:1      | 206 ||| Stepping ~*~*~tactically~*~*~ (stealth).
   208 | D:1      | 208 ||| Stepping ~*~*~tactically~*~*~ (stealth).
   283 | D:1      | 283 ||| Stepping ~*~*~tactically~*~*~ (stealth).
   332 | D:1      | Reached skill level 3 in Axes
   366 | D:1      | Reached XP level 3. HP: 23/23 MP: 3/3
   533 | D:1      | 533 ||| DROPPING +0 club.
   539 | D:1      | 539 ||| Stepping ~*~*~tactically~*~*~ (stealth).
   558 | D:1      | 558 ||| Stepping ~*~*~tactically~*~*~ (stealth).
   559 | D:1      | 559 ||| Stepping ~*~*~tactically~*~*~ (stealth).
   575 | D:1      | 575 ||| Stepping ~*~*~tactically~*~*~ (hiding).
   770 | D:1      | 770 ||| Stepping ~*~*~tactically~*~*~ (stealth).
   773 | D:1      | 773 ||| Stepping ~*~*~tactically~*~*~ (stealth).
   857 | D:1      | 857 ||| UPGRADING to +0 pair of boots.
   862 | D:1      | 862 ||| UPGRADING to +0 chain mail.
   872 | D:1      | 872 ||| DROPPING +0 scale mail.
   873 | D:1      | 873 ||| UPGRADING to ring of willpower.
   874 | D:1      | 874 ||| READING scroll labelled ECUCZI ITOT.
   879 | D:1      | 879 ||| READING 2 scrolls labelled WAAG WIUKIECH.
   880 | D:1      | 880 ||| READING scroll labelled VAWITU AQUSO FOT.
   881 | D:1      | 881 ||| READING scroll labelled AHULOXZ UDWAMN.
   882 | D:1      | 882 ||| READING scroll labelled TUELAXT SERULOPIUH.
  1034 | D:2      | Reached skill level 1 in Throwing
  1034 | D:2      | Reached XP level 4. HP: 21/28 MP: 4/4
  1598 | D:2      | Found a faded altar of an unknown god.
  1700 | D:2      | 1700 ||| UPGRADING to +0 kite shield.
  1710 | D:2      | 1710 ||| DROPPING +0 buckler.
  1711 | D:2      | 1711 ||| READING scroll labelled IWEDIH GOLI.
  1712 | D:2      | 1712 ||| DRINKING 2 grey potions.
  1817 | D:2      | 1817 ||| DRINKING 2 ruby potions.
  1818 | D:2      | 1818 ||| READING 2 scrolls of identify.
  1818 | D:2      | 1818 ||| IDENTIFYING purple potion
  1819 | D:2      | 1819 ||| DROPPING potion of flight.
  1820 | D:2      | 1820 ||| DROPPING potion of berserk rage.
  1889 | D:3      | HP: 7/28 [gnoll/+0 spear (2)]
  1893 | D:3      | HP: 2/28 [gnoll/+3 antimagic spear (5)]
  2027 | D:3      | Reached XP level 5. HP: 27/32 MP: 5/5
  2110 | D:3      | 2110 ||| SWAPPING to +0 broad axe.
  2112 | D:3      | 2112 ||| DROPPING +0 war axe.
  2508 | D:3      | Reached skill level 4 in Axes
  2546 | D:3      | Found a shadowy altar of Dithmenos.
  2902 | D:3      | 2902 ||| UPGRADING to +0 cloak.
  2907 | D:3      | 2907 ||| DROPPING ring of wizardry.
  2908 | D:3      | 2908 ||| READING scroll labelled XUIQOASHRAGG.
  2909 | D:3      | 2909 ||| READING scroll labelled ECOYTW SIEROQ.
  2910 | D:3      | 2910 ||| READING scroll labelled DEOSCHELOPN.
  2911 | D:3      | 2911 ||| DRINKING 2 sedimented grey potions.
  3010 | D:4      | 3010 ||| Stepping ~*~*~tactically~*~*~ (stealth).
  3087 | D:4      | 3087 ||| Stepping ~*~*~tactically~*~*~ (stealth).
  3088 | D:4      | 3088 ||| Stepping ~*~*~tactically~*~*~ (stealth).
  3089 | D:4      | 3089 ||| Stepping ~*~*~tactically~*~*~ (stealth).
  3090 | D:4      | 3090 ||| Stepping ~*~*~tactically~*~*~ (stealth).
  3092 | D:4      | 3092 ||| Stepping ~*~*~tactically~*~*~ (stealth).
  3140 | D:4      | Found an ancient bone altar of Kikubaaqudgha.
  3279 | D:4      | Found an iron altar of Okawaru.
  3280 | D:4      | 3280 ||| PLANNING OKAWARU WORSHIP
  3280 | D:4      | 3280 ||| UPGRADING to +0 plate armour.
  3290 | D:4      | 3290 ||| DROPPING +0 chain mail.
  3291 | D:4      | 3291 ||| DRINKING 2 yellow potions.
  3291 | D:4      | Gained mutation: You are agile. (Dex +4, Str/Int -1)
                  | [potion of mutation]
  3291 | D:4      | Gained mutation: Armour fits poorly on your strangely
                  | shaped body. [potion of mutation]
  3291 | D:4      | Gained mutation: You are partially covered in iridescent
                  | scales. (AC +2) [potion of mutation]
  3291 | D:4      | Gained mutation: You possess an exceptional clarity of
                  | mind. [potion of mutation]
  3292 | D:4      | 3292 ||| DRINKING potion of mutation.
  3292 | D:4      | Lost mutation: You are partially covered in iridescent
                  | scales. (AC +2) [potion of mutation]
  3292 | D:4      | Lost mutation: You possess an exceptional clarity of mind.
                  | [potion of mutation]
  3292 | D:4      | Gained mutation: You have large cloven feet. [potion of
                  | mutation]
  3292 | D:4      | Gained mutation: You are frail. (-10% HP) [potion of
                  | mutation]
  3292 | D:4      | Lost mutation: Armour fits poorly on your strangely shaped
                  | body. [potion of mutation]
  3299 | D:4      | Became a worshipper of Warmaster Okawaru
  3300 | D:4      | 3300 ||| PLANNING D:1-11
  3314 | D:4      | Noticed a black bear
  3320 | D:4      | Killed a black bear
  3321 | D:4      | Reached XP level 6. HP: 29/33 MP: 6/6
  3567 | D:5      | Entered Level 5 of the Dungeon
  3659 | D:5      | Reached * piety under Okawaru
  3660 | D:5      | Reached skill level 5 in Axes
  3660 | D:5      | Reached XP level 7. HP: 22/36 MP: 7/7
  3746 | D:5      | 3746 ||| Stepping ~*~*~tactically~*~*~ (stealth).
  3754 | D:5      | 3754 ||| Stepping ~*~*~tactically~*~*~ (hiding).
  3792 | D:5      | Reached skill level 1 in Invocations
  3823 | D:5      | 3823 ||| INVOKING Heroism.
  3835 | D:5      | Reached skill level 1 in Dodging
  4023 | D:5      | 4023 ||| INVOKING Heroism.
  4096 | D:5      | 4096 ||| Stepping ~*~*~tactically~*~*~ (stealth).
  4106 | D:5      | 4106 ||| Stepping ~*~*~tactically~*~*~ (stealth).
  4108 | D:5      | 4108 ||| Stepping ~*~*~tactically~*~*~ (hiding).
  4110 | D:5      | 4110 ||| Stepping ~*~*~tactically~*~*~ (hiding).
  4112 | D:5      | 4112 ||| INVOKING Heroism.
  4209 | D:5      | 4209 ||| INVOKING Heroism.
  4211 | D:5      | Reached skill level 3 in Invocations
  4383 | D:5      | 4383 ||| DROPPING amulet of faith.
  4384 | D:5      | 4384 ||| DRINKING 2 sedimented clear potions.
  4385 | D:5      | 4385 ||| DRINKING 2 brown potions.
  4412 | D:6      | 4412 ||| STAIRDANCE
  4452 | D:6      | 4452 ||| STAIRDANCE
  4454 | D:5      | 4454 ||| INVOKING Heroism.
  4455 | D:5      | HP: 9/38 [gnoll/+0 spear[a gnoll sergeant] (6)]
  4456 | D:5      | 4456 ||| READING 3 scrolls of teleportation.
  4585 | D:6      | 4585 ||| STAIRDANCE
  4592 | D:5      | Reached XP level 8. HP: 31/43 MP: 10/10
  4595 | D:5      | 4595 ||| INVOKING Heroism.
  4604 | D:5      | 4604 ||| Stepping ~*~*~tactically~*~*~ (stealth).
  4605 | D:5      | 4605 ||| Stepping ~*~*~tactically~*~*~ (stealth).
  4676 | D:5      | 4676 ||| DROPPING +0 whip.
  4697 | D:6      | Reached skill level 6 in Axes
  4699 | D:6      | Reached skill level 6 in Shields
  4699 | D:6      | 4699 ||| STAIRDANCE
  4722 | D:6      | 4722 ||| INVOKING Heroism.
  4730 | D:6      | Reached ** piety under Okawaru
  4806 | D:6      | Found a runed translucent door.
  4880 | D:6      | 4880 ||| INVOKING Heroism.
  4898 | D:6      | 4898 ||| INVOKING Heroism.
  4900 | D:6      | HP: 7/43 [orc warrior/+0 halberd (8)]
  4901 | D:6      | 4901 ||| READING 2 scrolls of teleportation.
  5113 | D:6      | Found a broken altar of Ashenzari.
  5117 | D:6      | Saw a vision of the Shoals and the Spider Nest.
  5117 | D:6      | Noticed a jorogumo
  5117 | D:6      | Noticed a broodmother
  5117 | D:6      | Noticed a wolf spider
  5117 | D:6      | Noticed a demonic crawler
  5117 | D:6      | Noticed a demonic crawler
  5117 | D:6      | Noticed a tarantella
  5117 | D:6      | Noticed an entropy weaver
  5117 | D:6      | Noticed a merfolk
  5117 | D:6      | Noticed a merfolk impaler
  5117 | D:6      | Noticed a merfolk aquamancer
  5117 | D:6      | Noticed a sea snake
  5117 | D:6      | Noticed a merfolk siren
  5117 | D:6      | Noticed a sea snake
  5117 | D:6      | Noticed a merfolk siren
  5117 | D:6      | Noticed a water nymph
  5117 | D:6      | Noticed a merfolk aquamancer
  5117 | D:6      | Noticed a merfolk impaler
  5118 | D:6      | Noticed a merfolk
  5119 | D:6      | Noticed a manticore
  5119 | D:6      | Noticed Eustachio
  5121 | D:6      | Noticed a manticore
  5240 | D:6      | 5240 ||| Stepping ~*~*~tactically~*~*~ (hiding).
  5244 | D:6      | 5244 ||| INVOKING Heroism.
  5265 | D:6      | 5265 ||| Stepping ~*~*~tactically~*~*~ (stealth).
  5280 | D:6      | 5280 ||| Stepping ~*~*~tactically~*~*~ (stealth).
  5281 | D:6      | 5281 ||| Stepping ~*~*~tactically~*~*~ (stealth).
  5284 | D:6      | Noticed qw's ghost (novice GrFi)
  5288 | D:6      | 5288 ||| Stepping ~*~*~tactically~*~*~ (stealth).
  5302 | D:6      | You fall into a shaft and drop 2 floors!
  5310 | D:8      | 5310 ||| PLANNING OSSUARY
  5310 | D:8      | 5310 ||| Stepping ~*~*~tactically~*~*~ (stealth).
  5312 | D:8      | 5312 ||| Stepping ~*~*~tactically~*~*~ (stealth).
  5314 | D:8      | 5314 ||| Stepping ~*~*~tactically~*~*~ (stealth).
  5317 | D:8      | 5317 ||| Stepping ~*~*~tactically~*~*~ (stealth).
  5321 | D:8      | 5321 ||| INVOKING Heroism.
  5354 | D:8      | Noticed a yak
  5354 | D:8      | Noticed a yak
  5354 | D:8      | Noticed a yak
  5356 | D:8      | Noticed a yak
  5357 | D:8      | 5357 ||| INVOKING Heroism.
  5362 | D:8      | Killed a yak
  5363 | D:8      | Reached skill level 7 in Axes
  5368 | D:8      | Killed a yak
  5369 | D:8      | Reached XP level 9. HP: 15/48 MP: 10/12
  5369 | D:8      | HP: 7/48 [yak (8)]
  5370 | D:8      | 5370 ||| READING 2 scrolls of teleportation.
  5371 | D:8      | HP: 3/48 [yak (5)]
  5374 | D:8      | 5374 ||| READING scroll of teleportation.
  5374 | D:8      | Slain by a yak

Levels and vault maps discovered:
D:1:      eino_arrival_water_star, layout_loops_ring,
          minmay_misc_feat_nine_boxes, minmay_vboxes
D:2:      layout_loops_ring, basic_ecumenical_altar, minmay_small_reverse_x
D:3:      layout_basic, nicolae_dithmenos_through_a_glass_darkly,
          serial_corexii_hall, corexii_hall_statues_t,
          chequers_hall_statues_wall_a, corexii_hall_statues_s,
          corexii_hall_statues_i, mrwooster_statue_mirror,
          chequers_serial_rivers_marsh
D:4:      layout_basic, mainiacjoe_overflow_boulevard, kennysheep_mini_moat,
          chequers_serial_rivers_micro_d
D:5:      layout_rooms, serial_bayou, serial_bayou_pond_a, serial_bayou_pond_d,
          serial_bayou_lagoon_a, serial_bayou_ford_a, serial_bayou_shore_a,
          roderic_lattice_a, eino_tiny_chamber
D:6:      layout_loops_corners, grunt_ashenzari_visionary
          [grunt_ashenzari_visionary_shoals, grunt_ashenzari_visionary_spider],
          minmay_temple_entry_large_hall, hellmonk_ghost_happy_afterlife,
          uniq_edmund, uniq_eustachio
D:8:      layout_basic, mainiacjoe_overflow_divided_tiny,
          gammafunk_temple_overflow_pools, nicolae_ossuary_entry_monument,
          hangedman_decor_lopped, minmay_small_thing

Skill      XL: |  1  2  3  4  5  6  7  8 |
---------------+-------------------------+-----
Axes           | 2 3 4 5 7 |  7.3
Throwing       | 1 |  1.6
Shields        | 5 6 |  6.8
Invocations    | 3 4 |  4.0
Dodging        | 1 |  1.0
Fighting       | 4 5 |  5.1
Armour         | 4 |  4.1

Action                   |  1- 3 |  4- 6 |  7- 9 || total
-------------------------+-------+-------+-------++-------
Melee: War axe           |   111 |    39 |       ||   150
       Broad axe         |       |   113 |   129 ||   242
Throw: Javelin           |       |    37 |    16 ||    53
Invok: Heroism           |       |       |    12 ||    12
  Use: Scroll            |     5 |     5 |     4 ||    14
       Potion            |       |     5 |     2 ||     7
Armor: Scale mail        |    51 |       |       ||    51
       Chain mail        |    23 |   107 |       ||   130
       Plate armour      |       |    26 |    87 ||   113
Dodge: Dodged            |    63 |    47 |    35 ||   145
Block: Buckler           |    26 |     6 |       ||    32
       Kite shield       |       |    64 |    93 ||   157

Table legend:
 A = Non-vault XP
 B = Vault XP
 C = Vault XP percentage of total XP
 D = Non-vault monster count
 E = Vault monster count
 F = Vault count percentage of total count
                 A         B        C        D         E       F
            +---------+---------+-------+---------+---------+-------
      Total |    2560 |      14 |   0.5 |     117 |       7 |   5.6
            +---------+---------+-------+---------+---------+-------
        D:1 |      47 |       4 |   7.8 |      27 |       3 |  10.0
        D:2 |      60 |      10 |  14.3 |      13 |       4 |  23.5
        D:3 |      91 |       0 |   0.0 |      16 |       0 |   0.0
        D:4 |     233 |       0 |   0.0 |      19 |       0 |   0.0
        D:5 |     950 |       0 |   0.0 |      23 |       0 |   0.0
        D:6 |     445 |       0 |   0.0 |       8 |       0 |   0.0
        D:8 |     734 |       0 |   0.0 |      11 |       0 |   0.0
            +---------+---------+-------+---------+---------+-------
